 Dungeon Crawl Stone Soup version 0.24.0-123-gd5b16e6ec5 (webtiles) character file.

Game seed: 14169244114392807442, levelgen mode: deterministic

231 Johnny the Poker (level 5, -6/45 HPs)
             Began as a Demigod Gladiator on Jan 22, 2020.
             Mangled by an orc priest
             ... wielding a +0 mace
              (7 damage)
             ... on level 4 of the Dungeon.
             The game lasted 00:03:39 (3081 turns).

Johnny the Poker (Demigod Gladiator)                Turns: 3081, Time: 00:03:39

Health: -6/45      AC: 10    Str: 19    XL:     5   Next: 44%
Magic:  16/16      EV: 12    Int: 12    God:
Gold:   152        SH:  0    Dex: 17    Spells: 4/4 levels left

rFire    . . .     SeeInvis .   a - +0 trident
rCold    . . .     Gourm    .   (no shield)
rNeg     . . .     Faith    .   j - +0 ring mail
rPois    .         Spirit   .   c - +0 helmet
rElec    .         Reflect  .   (no cloak)
rCorr    .         Harm     +   s - +0 pair of gloves
MR       +....                  o - +2 pair of boots
Stlth    +.........             r - amulet of harm
HPRegen  0.15/turn              g - ring of magical power
MPRegen  0.15/turn              (no ring)

@: no status effects
A: high mp 1, magic resistance 1, MP-powered wands
a: no special abilities


You were on level 4 of the Dungeon.
You were not hungry.

You visited 1 branch of the dungeon, and saw 4 of its levels.

You collected 152 gold pieces.

Inventory:

Hand Weapons
 a - a +0 trident (weapon)
Missiles
 d - 3 throwing nets (quivered)
Armour
 c - a +0 helmet (worn)
 j - a +0 ring mail (worn)
 o - a +2 pair of boots (worn)
 s - a +0 pair of gloves (worn)
Jewellery
 b - an uncursed amulet of magic regeneration
 g - a ring of magical power (left hand)
 n - an uncursed ring of flight {unknown}
 r - an amulet of harm (around neck)
Scrolls
 e - 2 scrolls of fog
 h - 2 scrolls of magic mapping {unknown}
 l - 5 scrolls of remove curse
 m - 4 scrolls of amnesia
 p - 3 scrolls of random uselessness {unknown}
 q - 2 scrolls of enchant weapon {unknown}
 t - a scroll of immolation {unknown}
Potions
 i - a potion of degeneration {unknown}
Comestibles
 f - 5 rations


   Skills:
 + Level 3.4 Fighting
 * Level 5.1 Polearms
 - Level 1.7 Throwing
 - Level 2.6 Dodging


You had 4 spell levels left.
You didn't know any spells.
Your spell library was empty.

Dungeon Overview and Level Annotations

Branches:
Dungeon (4/15)
 Temple: D:4-7

Annotations:
D:2 2 transporters, Menkaure


Innate Abilities, Weirdness & Mutations

You have an increased reservoir of magic. (+10% MP)
You are resistant to hostile enchantments. (MR+)
You expend magic power (3 MP) to strengthen your wands.


Message History

* * * LOW HITPOINT WARNING * * *
The orc closely misses you.
You hit the orc priest but do no damage.
The orc priest is heavily wounded.
The orc priest hits you but does no damage.
The orc hits you but does no damage.
You barely miss the orc priest.
The orc priest is heavily wounded.
The orc priest closely misses you.
Unknown command.
You feel better. The orc completely misses you.
The orc priest invokes the aid of Beogh against you.
You resist with some effort.
Unknown command.
You closely miss the orc priest.
The orc priest is heavily wounded.
The orc hits you with a +0 hand axe.
* * * LOW HITPOINT WARNING * * *
The orc priest hits you with a +0 mace.
You die...

### #####
#.###########.#.#
#...........[.#..
#.###########.#.# #.#
#.#.# ######.#########
#.#.#
#.........##...###.#.#
#....@....##.......#.#
#....oo...##....####.#
............†.........>#
###.........#####.####.#
#.........#####.# #.#
.................# #.#
###.........#####.####.#
.[........# #......(
........# ##.###.#


You could see an orc priest and an orc.

Vanquished Creatures
  An orc wizard (D:3)
  2 orc priests
  Jessica (D:2)
  2 adders
  5 worms
  3 dart slugs
  8 orcs
  7 bats
  3 giant cockroaches
  9 goblins
  5 hobgoblins (D:1)
  6 jackals
  6 kobolds
  A ball python (D:1)
  6 frilled lizards
  7 rats
72 creatures vanquished.

Notes
Turn   | Place    | Note
-------+----------+-------------------------------------------
     0 | D:1      | Johnny the Demigod Gladiator began the quest for the Orb.
     0 | D:1      | Reached XP level 1. HP: 17/17 MP: 3/3
    78 | D:1      | Reached skill level 3 in Polearms
   121 | D:1      | Reached XP level 2. HP: 22/24 MP: 4/4
   727 | D:1      | You fall into a shaft and drop 1 floor!
   733 | D:2      | Reached XP level 3. HP: 13/30 MP: 5/5
  1089 | D:2      | Noticed Jessica
  1093 | D:2      | Killed Jessica
  1093 | D:2      | Reached skill level 4 in Polearms
  1129 | D:2      | Reached XP level 4. HP: 23/37 MP: 6/6
  1299 | D:2      | Found a basalt altar of Yredelemnul.
  1300 | D:2      | Found a transporter.
  1301 | D:2      | Noticed Menkaure
  1303 | D:2      | Found a transporter.
  1333 | D:2      | Found an ancient bone altar of Kikubaaqudgha.
  1556 | D:2      | Noticed a moth of wrath
  1559 | D:2      | Found a bloodstained altar of Trog.
  2002 | D:3      | Gained mutation: You are resistant to hostile enchantments.
                  | (MR+) [potion of mutation]
  2002 | D:3      | Gained mutation: You expend magic power (3 MP) to
                  | strengthen your wands. [potion of mutation]
  2468 | D:3      | HP: 1/38 [orc wizard/magic dart (6)]
  2884 | D:3      | Reached XP level 5. HP: 45/45 MP: 7/7
  3064 | D:4      | Reached skill level 5 in Polearms
  3081 | D:4      | HP: 1/45 [orc/+0 hand axe (7)]
  3081 | D:4      | Mangled by an orc priest

Levels and vault maps discovered:
D:1:      lightli_arrival_chessboard, layout_loops_cross
D:2:      layout_rooms, gammafunk_temple_of_torment, tgw_trog, uniq_jessica
D:3:      layout_rooms, minmay_strange_pillars
D:4:      layout_basic, first_ration, nemelex_xobeh_ov_fountains_minmay

Skill      XL: |  1  2  3  4  5 |
---------------+----------------+-----
Polearms       | 3 4 5 |  5.1
Fighting       | 2 3 |  3.4
Throwing       | |  1.7
Dodging        | |  2.6

Action                   |  1- 3 |  4- 6 || total
-------------------------+-------+-------++-------
Melee: Trident           |   126 |   166 ||   292
  Use: Potion            |       |     8 ||     8
       Scroll            |       |     6 ||     6
 Stab: Sleeping          |     1 |       ||     1
       Distracted        |     2 |       ||     2
  Eat: Chunk             |       |     4 ||     4
       Ration            |       |     1 ||     1
Armor: Ring mail         |    20 |    48 ||    68
       Leather armour    |     7 |       ||     7
Dodge: Dodged            |    75 |    94 ||   169
